Map: Blueshift LE

Players

Elazer

  • Race: Zerg Zerg
  • Spawn Location: 7:00

lIIllllIIlll (INnoVation) - Winner!

  • Race: Terran Terran
  • League: Master
  • Spawn Location: 1:00

Event: HomeStory Cup XVIII

VOD

Have the link to the VOD?

Description

Time

  • Played on: Nov. 22, 2018, 2:12 p.m.
  • Length: 14:47

All games in this series

Show
View Real Time Build Order
Export as new Build Order

Elazer Zerg 

Build Orders: Hatch First 

Get SALT Encoding   

  12  0:00  Drone  
  13  0:12  Overlord  
  13  0:16  Drone  
  14  0:30  Drone x2  
  16  0:46  Hatchery  
  15  0:50  Drone  
  15  0:53  Drone  
  17  0:57  Drone  
  18  1:07  Extractor  
  17  1:12  Spawning Pool  
  17  1:15  Drone  
  17  1:18  Drone  
  18  1:27  Drone  
  19  1:38  Drone  
  20  1:49  Drone  
  21  1:59  Queen x2  
  21  2:00  Zergling x4  
  27  2:14  Hatchery  
  26  2:17  Overlord  
  26  2:20  Drone  
  26  2:22  Drone  
  28  2:36  Drone x2  
  29  2:37  Metabolic Boost  
  29  2:39  Drone  
  30  2:44  Queen  
  30  2:48  Overlord  
  30  2:51  Drone  
  33  2:53  Drone  
  34  3:02  Drone  
  35  3:09  Drone x2  
  35  3:10  Drone x3  
  40  3:14  Overlord  
  40  3:18  Drone  
  41  3:22  Queen  
  43  3:27  Drone  
  43  3:28  Drone  
  43  3:32  Drone  
  46  3:40  Roach Warren  
  45  3:41  Zergling x4  
  45  3:42  Zergling x2  
  45  3:46  Extractor  
  45  3:47  Drone x3  
  45  3:48  Drone  
  51  3:50  Drone  
  51  3:52  Extractor  
  51  3:53  Drone x3  
  54  3:58  Overlord  
  54  4:00  Zergling x2  
  54  4:02  Overlord  
  55  4:06  Overlord  
  55  4:20  Roach  
  55  4:21  Roach x4  
  55  4:22  Overlord  
  65  4:27  Roach x2  
  65  4:31  Roach x2  
  73  4:33  Overlord  
  73  4:41  Overlord  
  73  4:43  Roach x2  
  73  4:44  Roach  
  79  4:48  Zergling x6  
  82  4:53  Overlord  
  82  4:54  Zergling x2  
  82  4:55  Zergling x2  
  82  4:57  Zergling x2  
  82  4:58  Zergling x2  
  86  5:05  Zergling x10  
  91  5:08  Ravager x3  
  91  5:09  Ravager  
  91  5:11  Zergling x2  
  91  5:12  Zergling x2  
  97  5:16  Zergling x6  
  100  5:22  Zergling x2  
  100  5:23  Zergling x6  
  100  5:24  Ravager x2  
  100  5:27  Overlord  
  105  5:29  Zergling x2  
  105  5:32  Overlord  
  106  5:39  Overlord  
  106  5:48  Zergling x12  
  92  5:53  Zergling x8  
  92  5:56  Zergling x2  
  84  5:58  Ravager  
  84  5:59  Ravager  
  84  6:00  Zergling x2  
  84  6:01  Zergling x2  
  86  6:08  Zergling x2  
  86  6:09  Zergling x6  
  90  6:15  Zergling x4  
  78  6:31  Zergling x8  
  79  6:35  Drone x3  
  79  6:36  Drone x3  
  79  6:37  Drone x2  
  79  6:39  Lair  
  87  6:40  Overlord, Drone  
  87  6:42  Drone, Evolution Chamber  
  87  6:44  Evolution Chamber  
  87  6:47  Drone  
  87  6:48  Drone  
  89  6:54  Overlord  
  89  6:58  Overlord  
  89  7:06  Overlord  
  89  7:08  Roach x6  
  89  7:14  Zerg Missile Weapons Level 1, Zerg Ground Armor Level 1  
  99  7:17  Roach  
  99  7:19  Roach  
  99  7:21  Roach  
  99  7:22  Roach  
  107  7:23  Roach  
  107  7:29  Overlord  
  101  7:37  Overlord  
  101  7:38  Glial Reconstitution  
  101  7:41  Roach x5  
  109  7:49  Drone x8  
  116  7:53  Extractor  
  115  7:58  Drone  
  115  7:59  Drone x2  
  115  8:00  Drone x2  
  115  8:05  Overlord  
  119  8:06  Extractor  
  119  8:10  Roach x3  
  119  8:12  Ravager  
  125  8:18  Overlord  
  125  8:19  Roach x2  
  129  8:26  Roach x4  
  137  8:27  Hatchery  
  137  8:32  Overlord  
  137  8:33  Roach x2  
  140  8:39  Overlord  
  140  8:42  Roach x4  
  148  8:49  Roach x4  
  156  8:55  Overlord  
  156  8:56  Overlord  
  156  9:02  Overlord  
  156  9:05  Roach x4  
  156  9:08  Overlord  
  164  9:11  Roach x2  
  164  9:16  Ravager x4  
  174  9:17  Roach x2  
  176  9:25  Roach x4  
  184  9:33  Roach x5  
  184  9:38  Roach x2  
  198  9:40  Ravager  
  199  9:58  Roach x5  
  195  10:01  Ravager  
  195  10:02  Ravager  
  195  10:03  Roach  
  198  10:14  Roach x2  
  198  10:20  Roach x9  
  184  10:27  Roach x4  
  163  10:31  Roach x3  
  157  10:39  Roach x4  
  165  10:44  Roach  
  165  10:45  Roach x2  
  171  10:53  Roach x4  
  153  11:10  Roach x9  
  131  11:14  Roach x2  
  128  11:22  Roach x5  
  138  11:27  Extractor, Drone x3  
  138  11:28  Drone x4  
  138  11:31  Drone  
  145  11:34  Extractor, Drone  
  145  11:35  Drone x3  
  145  11:39  Zerg Ground Armor Level 2  
  148  11:40  Overlord, Hatchery  
  148  11:46  Ravager  
  148  11:53  Roach x5  
  154  11:59  Roach x3  
  160  12:06  Zerg Missile Weapons Level 2  
  160  12:07  Overlord  
  160  12:09  Roach  
  160  12:10  Roach  
  146  12:17  Roach x5  
  154  12:24  Roach  
  154  12:25  Roach x6  
  164  12:32  Roach x5  
  152  12:42  Ravager  
  152  12:43  Ravager  
  154  12:46  Drone x8  
  114  12:59  Roach  
  114  13:00  Roach x5  
  126  13:08  Roach x3  
  126  13:12  Roach  
  132  13:19  Roach x3  
  136  13:24  Drone x5  
  139  13:29  Ravager  
  133  13:39  Roach x8  
  135  13:44  Roach x3  
  130  13:52  Ravager x2  
  130  13:54  Roach x5  
  142  13:59  Extractor  
  141  14:03  Roach x2  
  141  14:04  Roach x3  
  151  14:14  Roach x5  
  161  14:24  Roach x5  
Show
View Real Time Build Order
Export as new Build Order

lIIllllIIlll Terran - Winner!

Build Orders: Reaper Expand 

Get SALT Encoding   

  12  0:00  SCV  
  13  0:12  SCV  
  14  0:17  Supply Depot  
  14  0:25  SCV  
  15  0:38  SCV  
  15  0:40  Barracks  
  16  0:42  Refinery  
  16  0:50  SCV  
  17  1:02  SCV  
  18  1:14  SCV  
  19  1:27  Reaper, Orbital Command  
  20  1:38  Command Center  
  20  1:49  Supply Depot  
  20  1:53  SCV  
  21  1:59  Marine  
  22  2:05  SCV  
  23  2:08  Factory  
  23  2:09  Refinery  
  23  2:17  SCV  
  23  2:20  Barracks Reactor  
  24  2:29  SCV  
  25  2:41  SCV  
  26  2:50  Orbital Command  
  26  2:53  Starport, SCV  
  27  3:00  Hellion  
  27  3:01  Hellion  
  27  3:02  Barracks Tech Lab  
  27  3:05  SCV  
  32  3:16  SCV  
  32  3:17  SCV  
  34  3:22  Stimpack, Hellion x2  
  38  3:28  SCV  
  38  3:29  Viking, SCV  
  38  3:31  Supply Depot  
  42  3:40  SCV  
  43  3:41  SCV  
  44  3:49  Command Center  
  44  3:53  SCV  
  44  3:54  SCV  
  46  3:58  Barracks  
  46  4:04  Barracks  
  46  4:07  Starport Reactor  
  46  4:08  SCV x2  
  48  4:11  Factory Tech Lab  
  48  4:15  Supply Depot  
  48  4:20  SCV x2  
  48  4:22  Marine  
  51  4:24  Supply Depot  
  51  4:32  SCV x2  
  51  4:36  Engineering Bay x2  
  53  4:43  Marine  
  53  4:44  SCV x2  
  53  4:45  Marine  
  56  4:50  Starport Reactor, Factory Reactor, Marine  
  58  4:57  Marine x2  
  62  5:00  Orbital Command  
  62  5:05  Bunker x2, Marauder, Marine  
  61  5:08  Marine  
  61  5:10  Siege Tank  
  65  5:15  Marine x2, Terran Infantry Weapons Level 1  
  65  5:18  Terran Infantry Armor Level 1  
  67  5:26  Marine x3  
  69  5:32  Medivac  
  69  5:33  Marine x2  
  70  5:44  Marine  
  70  5:45  Siege Tank  
  70  5:49  Orbital Command  
  62  5:53  Marine x4  
  53  6:01  Combat Shield  
  53  6:02  Marine  
  54  6:10  Supply Depot, Marine x2  
  54  6:11  Marine  
  57  6:16  Marine  
  56  6:20  Marine  
  56  6:21  Medivac  
  57  6:28  Marine x3  
  57  6:29  SCV x2  
  58  6:33  SCV  
  58  6:35  Medivac  
  58  6:36  Marine  
  62  6:41  Marine, SCV x2  
  62  6:46  Supply Depot  
  65  6:48  Supply Depot  
  65  6:50  SCV  
  65  6:53  SCV x2  
  68  6:59  Supply Depot  
  68  7:00  Marine  
  69  7:07  Marine x4, SCV x2  
  69  7:08  SCV  
  76  7:12  Supply Depot  
  76  7:18  Marine  
  76  7:19  SCV x2  
  76  7:20  SCV  
  80  7:25  Marine x2  
  80  7:26  Marine  
  80  7:27  Marine  
  84  7:33  SCV x2  
  84  7:35  Marine  
  80  7:41  SCV  
  80  7:43  Armory  
  81  7:45  SCV x2  
  81  7:46  Siege Tank, Orbital Command  
  86  7:52  Refinery  
  86  7:53  Refinery, SCV  
  86  7:56  Supply Depot  
  86  7:57  SCV  
  88  8:00  Medivac  
  88  8:01  Medivac  
  92  8:12  SCV x3  
  95  8:18  Marine x4, Siege Tank  
  95  8:19  Marine  
  100  8:24  SCV x3  
  100  8:26  Supply Depot  
  103  8:27  Supply Depot  
  103  8:34  Terran Infantry Weapons Level 2  
  103  8:37  SCV x3  
  105  8:41  Marine x2  
  105  8:42  Marine x2  
  105  8:47  Marine  
  110  8:49  SCV x3  
  110  8:50  Siege Tank  
  115  9:01  Terran Infantry Armor Level 2  
  115  9:03  Barracks x2  
  115  9:07  Missile Turret  
  115  9:10  Refinery  
  115  9:12  SCV x2  
  115  9:13  Refinery  
  115  9:14  SCV  
  118  9:21  Supply Depot  
  118  9:22  Supply Depot  
  118  9:23  Siege Tank  
  121  9:29  Marauder  
  121  9:30  Marine x4  
  125  9:39  Supply Depot  
  128  9:46  Concussive Shells  
  128  9:48  Terran Vehicle Weapons Level 1  
  128  9:51  Barracks Tech Lab  
  128  9:52  Marine x2, Barracks Tech Lab  
  127  9:53  Supply Depot, Marine x2, Marauder  
  127  9:56  Supply Depot  
  127  9:58  Medivac x2  
  119  10:10  Marauder, Marine x3  
  119  10:11  Marine, Marauder  
  119  10:13  Siege Tank  
  127  10:14  Marauder  
  96  10:28  Medivac  
  96  10:29  Medivac  
  96  10:32  Marauder x2  
  103  10:35  Marine, Marauder  
  103  10:37  Marine x2  
  103  10:39  Marine  
  103  10:42  SCV x2  
  109  10:43  SCV  
  109  10:47  Siege Tank  
  113  10:53  Marine  
  113  10:54  Marine  
  113  10:55  Marine  
  113  10:56  Marine  
  117  11:01  Marauder x3  
  109  11:11  Marine  
  109  11:12  Marine x2  
  109  11:13  SCV x3  
  109  11:14  Marine  
  114  11:20  Siege Tank  
  114  11:23  Marauder x3  
  122  11:29  Marine  
  122  11:30  Marine x2, SCV x2  
  122  11:31  Supply Depot, Missile Turret, SCV  
  122  11:32  Marine  
  129  11:34  Supply Depot  
  129  11:42  Supply Depot, Terran Infantry Weapons Level 3, SCV  
  129  11:43  SCV x2  
  127  11:57  Marauder x3  
  127  11:58  Marine x4  
  137  12:01  Supply Depot  
  137  12:03  Siege Tank  
  122  12:28  Marauder x3  
  122  12:29  Orbital Command  
  123  12:32  Marine x2  
  121  12:41  Siege Tank  
  124  12:49  Medivac  
  119  12:55  Missile Turret  
  115  13:02  Supply Depot  
  115  13:04  Medivac  
  117  13:09  Marauder x2  
  117  13:12  Marine x2  
  122  13:24  Marine, Marauder  
  125  13:27  Missile Turret  
  125  13:30  Marauder x2, Siege Tank  
  131  13:35  Medivac x2  
  129  13:45  Marauder  
  129  13:48  Marine x4  
  130  13:52  Marauder  
  133  14:18  Orbital Command  
  133  14:24  Marine x3  
  133  14:26  Marine  
  131  14:36  Supply Depot x2  
Tags
 
Add a new tag
Caveats
  • Supply blocks, unpowered buildings, or Contaminate may cause inaccurate times.
  • Supply counts are checked every 10 seconds.